 Dungeon Crawl Stone Soup version 0.27.0-66-gdc8fb28755 (webtiles) character file.

Game seed: 16663145728041815730

56 ZARRMARR the Conjurer (level 3, -4/28 HPs)
             Began as a Gnoll Wanderer on Aug 20, 2021.
             Slain by Grinder (5 damage)
             ... on level 3 of the Dungeon.
             The game lasted 00:06:21 (1678 turns).

ZARRMARR the Conjurer (Gnoll Wanderer)              Turns: 1678, Time: 00:06:22

Health: -4/28      AC:  7    Str:  9    XL:     3   Next: 95%
Magic:  9/9        EV: 11    Int: 12    God:
Gold:   22         SH:  0    Dex: 13    Spells: 11/12 levels left

rFire    . . .     SeeInvis .   h - +2 dagger (flame)
rCold    . . .     Faith    .   (no shield)
rNeg     . . .     Spirit   .   d - +0 robe
rPois    .         Reflect  .   (no helmet)
rElec    .         Harm     .   l - +2 cloak
rCorr    .         Rampage  .   e - +1 pair of gloves
Will     .....                  (no boots)
Stlth    ++........             (no amulet)
HPRegen  0.09/turn              (no ring)
MPRegen  0.11/turn              (no ring)

@: no status effects
A: fangs 1, strong nose, distributed training
a: no special abilities


You were on level 3 of the Dungeon.
You visited 1 branch of the dungeon, and saw 3 of its levels.

You collected 22 gold pieces.

Inventory:

Hand Weapons
 a - a +2 shortbow
 h - a +2 dagger of flaming (weapon)
Missiles
 b - 60 arrows
 m - 15 boomerangs (quivered)
Armour
 d - a +0 robe (worn)
 e - a +1 pair of gloves (worn)
 l - a +2 cloak (worn)
Scrolls
 f - 2 scrolls of teleportation
Potions
 c - a potion of curing
 g - a potion of cancellation
 j - a potion of attraction {unknown}


   Skills:
 + Level 2.6 Fighting
 + Level 1.0 Short Blades
 + Level 1.0 Long Blades
 + Level 1.0 Axes
 + Level 1.0 Maces & Flails
 + Level 1.0 Polearms
 + Level 1.0 Staves
 + Level 1.0 Slings
 + Level 4.6 Bows
 + Level 1.0 Crossbows
 + Level 2.6 Throwing
 + Level 1.0 Armour
 + Level 1.0 Dodging
 + Level 2.4 Stealth
 + Level 1.0 Shields
 + Level 1.0 Unarmed Combat
 + Level 5.0 Spellcasting
 + Level 5.4 Conjurations
 + Level 0.7 Hexes
 + Level 0.7 Summonings
 + Level 0.7 Necromancy
 + Level 0.7 Translocations
 + Level 0.7 Transmutations
 + Level 0.7 Fire Magic
 + Level 0.7 Ice Magic
 + Level 0.7 Air Magic
 + Level 0.7 Earth Magic
 + Level 0.7 Poison Magic
 + Level 1.0 Invocations
 + Level 1.0 Evocations


You had 11 spell levels left.
You knew the following spells:

 Your Spells              Type           Power      Damage    Failure   Level
a - Sting                 Tmut/Pois      16%        1d3       16%         1

Your spell library contained the following spells:

 Spells                   Type           Power      Damage    Failure   Level
 Sublimation of Blood     Necr           2%         N/A       22%         2
 Wereblood                Tmut           4%         N/A       22%         2
 Spider Form              Tmut/Pois      2%         N/A       41%         3
 Summon Hydra             Summ           2%         N/A       100%        7


Dungeon Overview and Level Annotations

Branches:
Dungeon (3/15)

Altars:

Annotations:
D:3 Grinder


Innate Abilities, Weirdness & Mutations

You have very sharp teeth.
Your uncanny sense of smell can sniff out nearby items.
Your experience applies equally to all skills.


Message History

The endoplasm quivers.
Grinder says, "My boss said I was rubbish.
His entrails said otherwise."
Grinder zaps a wand.
The puff of flame misses you.
Fire: 64 arrows
Press: ? - help, Q - select action, (/) - cycle Shift-Dir - straight line, f/p - Grinder
Aim: Grinder, carrying a wand of flame (20) (moderately wounded, 60% to hit)
You shoot an arrow. The arrow hits Grinder!
Grinder is heavily wounded.
Unknown command.
Fire: 63 arrows
Press: ? - help, Q - select action, (/) - cycle Shift-Dir - straight line, f/p - Grinder
Aim: Grinder, carrying a wand of flame (20) (heavily wounded, 60% to hit)
You shoot an arrow. The arrow hits Grinder.
Grinder is severely wounded.
Unknown command.
Fire: 62 arrows
Press: ? - help, Q - select action, (/) - cycle Shift-Dir - straight line, f/p - Grinder
Aim: Grinder, carrying a wand of flame (20) (severely wounded, 60% to hit)
You shoot an arrow. The arrow hits Grinder.
Grinder is severely wounded.
Grinder gestures at you. Pain shoots through your body!
Fire: 61 arrows
Press: ? - help, Q - select action, (/) - cycle Shift-Dir - straight line, f/p - Grinder
Aim: Grinder, carrying a wand of flame (20) (severely wounded, 60% to hit)
You shoot an arrow. The arrow hits Grinder.
Grinder is severely wounded.
Unknown command.
Your +2 dagger of flaming bursts into flame!
h - a +2 dagger of flaming (weapon)
You closely miss Grinder.
Grinder is severely wounded.
Grinder gestures at you. Pain shoots through your body!
* * * LOW HITPOINT WARNING * * *
You hit Grinder. You burn Grinder. Your punch misses Grinder.
You bite Grinder, but do no damage.
Grinder is almost dead.
Grinder hits you.
You die...

#### #.. ######.#####
#..>........
#####+####.#####
#########........#.# #
.............[.....# #
....)(5@#..........# #
...((..J#####'###..###
# ........# #.# #....#
# ........#
##.####.#.# #
...##...#
#.....#.#.### .. #...#
#.....#.#.#.. . #...#
#.....#.#.#.# #..(#
#.....#.#.#.#
##......#.# #


You could see Grinder and an endoplasm.

Vanquished Creatures
  2 adders
  3 ball pythons
  A bat (D:1)
  5 endoplasms
  2 giant cockroaches
  3 hobgoblins (D:1)
  5 kobolds
  3 quokkas
  2 frilled lizards (D:1)
  2 goblins
  9 rats
37 creatures vanquished.

Notes
Turn   | Place    | Note
-------+----------+-------------------------------------------
     0 | D:1      | ZARRMARR the Gnoll Wanderer began the quest for the Orb.
     0 | D:1      | ZARRMARR set off with the following items: a +2 shortbow,
                  | 24 arrows, a potion of curing, a +0 robe; and the following
                  | spell memorised: Sting; and the following spells available
                  | to memorise: Spider Form
     0 | D:1      | Reached XP level 1. HP: 17/17 MP: 6/6
    87 | D:1      | Reached XP level 2. HP: 23/23 MP: 7/7
   328 | D:1      | Reached XP level 3. HP: 28/28 MP: 9/9
   441 | D:2      | Reached skill level 5 in Spellcasting
   603 | D:2      | Reached skill level 1 in Invocations
   821 | D:2      | Found a faded altar of an unknown god.
  1488 | D:3      | Reached skill level 1 in Short Blades
  1488 | D:3      | Reached skill level 1 in Long Blades
  1488 | D:3      | Reached skill level 1 in Axes
  1488 | D:3      | Reached skill level 1 in Maces & Flails
  1488 | D:3      | Reached skill level 1 in Polearms
  1488 | D:3      | Reached skill level 1 in Staves
  1488 | D:3      | Reached skill level 1 in Slings
  1488 | D:3      | Reached skill level 1 in Crossbows
  1488 | D:3      | Reached skill level 1 in Armour
  1488 | D:3      | Reached skill level 1 in Dodging
  1488 | D:3      | Reached skill level 1 in Shields
  1488 | D:3      | Reached skill level 1 in Unarmed Combat
  1488 | D:3      | Reached skill level 1 in Evocations
  1668 | D:3      | Noticed Grinder
  1677 | D:3      | HP: 1/28 [Grinder/nerve-wracking pain (10)]
  1678 | D:3      | Slain by Grinder

Illustrated notes

Levels and vault maps discovered:
D:1:      lordsloth_arrival_two_stooges, layout_rooms
D:2:      cheibrodos_old_hovel, layout_loops_ring,
          hellmonk_ecumenical_altar_crossroads
D:3:      layout_basic, serial_forest, infiniplex_forest_corner_1,
          infiniplex_forest_straight_2, infiniplex_forest_zigzag_1,
          infiniplex_forest_straight_1, infiniplex_forest_clump_small,
          uniq_grinder

Skill      XL: |  1  2  3 |
---------------+----------+-----
Spellcasting   | 5 |  5.0
Invocations    | 1 |  1.0
Short Blades   | 1 |  1.0
Long Blades    | 1 |  1.0
Axes           | 1 |  1.0
Maces & Flails | 1 |  1.0
Polearms       | 1 |  1.0
Staves         | 1 |  1.0
Slings         | 1 |  1.0
Crossbows      | 1 |  1.0
Armour         | 1 |  1.0
Dodging        | 1 |  1.0
Shields        | 1 |  1.0
Unarmed Combat | 1 |  1.0
Evocations     | 1 |  1.0
Fighting       | |  2.6
Bows           | |  4.6
Throwing       | |  2.6
Stealth        | |  2.4
Conjurations   | |  5.4
Hexes          | |  0.7
Summonings     | |  0.7
Necromancy     | |  0.7
Translocations | |  0.7
Transmutations | |  0.7
Fire Magic     | |  0.7
Ice Magic      | |  0.7
Air Magic      | |  0.7
Earth Magic    | |  0.7
Poison Magic   | |  0.7

Action                   || total
-------------------------++-------
Melee: Shortbow          ||     2
       Dagger            ||     8
       Bite              ||     1
 Fire: Shortbow          ||    90
Throw: Boomerang         ||     1
  Use: Scroll            ||     3
 Stab: Sleeping          ||     1
Armor: Robe              ||     7
Dodge: Dodged            ||    12
